 Dungeon Crawl Stone Soup version 0.23.2 (webtiles) character file.

Game seed: 2384994725228314907

22747 Borgoz the Slicer (level 13, 0/80 HPs)
             Began as a Gargoyle Gladiator on Apr 12, 2019.
             Was a Believer of Ashenzari.
             Shot with a bolt by a yaktaur (3 damage)
             ... in a volcano.
             The game lasted 00:27:44 (12035 turns).

Borgoz the Slicer (Gargoyle Gladiator)             Turns: 12035, Time: 00:27:44

Health: 0/80       AC: 32    Str: 24    XL:     13   Next: 2%
Magic:  0/20       EV: 11    Int:  9    God:    Ashenzari [**....]
Gold:   638        SH:  0    Dex: 15    Spells: 18/22 levels left

rFire    + . .     SeeInvis .   a - +3 short sword (elec)
rCold    x . .     Gourm    .   (no shield)
rNeg     + . .     Faith    .   j - +0 plate armour
rPois    ∞         Spirit   +   c - +1 helmet
rElec    +         Reflect  .   I - +2 cloak
rCorr    .         Harm     .   F - +0 pair of gloves
MR       .....                  r - +0 pair of boots
Stlth    ..........             y - amulet of guardian spirit
HPRegen  0.23/turn              H - ring of fire
MPRegen  0.17/turn              K - ring of wizardry

@: mighty, berserk cooldown, very slightly contaminated, slowed, very slow
A: negative energy resistance 1, electricity resistance, unbreathing,
petrification resistance, rot immunity, AC +9
a: Curse Item, Scrying, Renounce Religion


You were in a volcano.
You worshipped Ashenzari.
Ashenzari was pleased with you.
You were not hungry.

You visited 3 branches of the dungeon, and saw 15 of its levels.
You also visited: Volcano.

You collected 638 gold pieces.

Inventory:

Hand Weapons
 a - a +3 short sword of electrocution (weapon)
 b - a +1 short sword of venom
 m - a +0 rapier
 n - a +5 dagger
Armour
 c - a +1 helmet (worn)
 d - a +0 chain mail of fire resistance
 j - a +0 plate armour (worn)
 r - a +0 pair of boots (worn)
 F - a +0 pair of gloves (worn)
 I - a +2 cloak (worn)
Jewellery
 y - an amulet of guardian spirit (around neck)
 A - an uncursed amulet of regeneration
 G - an uncursed ring of see invisible
 H - a ring of fire (left hand)
 K - a ring of wizardry (right hand)
 N - an uncursed amulet of faith
Wands
 B - a wand of iceblast (19)
 C - a wand of clouds (2)
 J - a wand of flame (17)
 L - a wand of enslavement (8)
Scrolls
 e - 2 scrolls of enchant weapon
 g - 2 scrolls of amnesia
 k - 6 scrolls of teleportation
 l - a scroll of immolation
 o - 5 scrolls of enchant armour
 p - 11 scrolls of remove curse
 s - a scroll of magic mapping
 M - a scroll of silence
Potions
 h - 4 potions of haste
 i - 4 potions of curing
 q - 2 potions of agility
 t - 4 potions of mutation
 u - a potion of flight
 v - 2 potions of cancellation
 E - a potion of brilliance
Comestibles
 f - 26 rations
 x - a chunk of flesh


   Skills:
 + Level 9.0 Fighting
 * Level 10.5 Short Blades
 - Level 1.7 Throwing
 + Level 8.7 Armour
 + Level 8.4 Dodging
 + Level 7.5 Stealth
 - Level 5.0 Spellcasting
 + Level 5.7 Hexes
 + Level 3.0 Evocations


You had 18 spell levels left.
You knew the following spells:

 Your Spells              Type           Power        Failure   Level  Hunger
a - Confusing Touch       Hex            ##....       12%         1    #......
b - Confuse               Hex            ##......     32%         3    ###....

Your spell library contained the following spells:

 Spells                   Type           Power        Failure   Level  Hunger
 Slow                     Hex            ##......     17%         2    ##.....
 Dazzling Spray           Conj/Hex       #.....       69%         3    ###....
 Animate Skeleton         Necr           N/A          71%         1    #......
 Apportation              Tloc           #.....       71%         1    #......
 Magic Dart               Conj           #...         71%         1    #......
 Summon Small Mammal      Summ           #...         71%         1    #......
 Blink                    Tloc           N/A          85%         2    ##.....
 Call Imp                 Summ           #.......     85%         2    ##.....
 Searing Ray              Conj           #.....       85%         2    ##.....
 Conjure Flame            Conj/Fire      #.......     96%         3    ###....
 Gell's Gravitas          Tloc           #.........   96%         3    ###....
 Mephitic Cloud           Conj/Pois/Air  #.......     96%         3    ###....
 Fulminant Prism          Conj/Hex       #.........   97%         4    #####..
 Force Lance              Conj/Tloc      #.......     100%        4    #####..
 Iskenderun's Mystic Bla  Conj           #.......     100%        4    #####..
 Petrify                  Tmut/Erth      #.......     100%        4    #####..
 Metabolic Englaciation   Hex/Ice        #.........   100%        5    ######.
 Yara's Violent Unravell  Hex/Tmut       #.........   100%        5    ######.


Dungeon Overview and Level Annotations

Branches:
Dungeon (12/15)            Temple (1/1) D:5            Lair (2/6) D:11
    Orc (0/2) D:12
  Swamp: Lair:2-4    Shoals: Lair:2-4     Snake: Lair:2-4    Spider: Lair:2-4

Altars:
Ashenzari
Cheibriados
Dithmenos
Elyvilon
Fedhas
Gozag
Hepliaklqana
Kikubaaqudgha
Makhleb
Nemelex Xobeh
Okawaru
Qazlal
Ru
Sif Muna
Trog
Uskayaw
Vehumet
Wu Jian
Xom
Yredelemnul
Zin
The Shining One

Shops:
D:10 }(   D:11 *


Innate Abilities, Weirdness & Mutations

You are resistant to torment.
Your stone body is resilient. (AC +9)
You are immune to poison.
You resist negative energy. (rN+)
You are resistant to electric shocks. (rElec)
You can survive without breathing.
You are immune to petrification.
You are immune to rotting.


Message History

You are exhausted.
You feel yourself slow down.
You hear a shout! x3 2 centaurs and a yaktaur come into view.
The yaktaur is wielding a +0 arbalest of flaming.
A centaur is wielding a +1 shortbow of flaming.
A centaur is wielding a +0 shortbow of flaming.
The yaktaur shouts!
The centaur shouts! x2
The centaur shoots an arrow.
The arrow hits you but does no damage.
The centaur shoots an arrow.
The arrow hits you.
* * * LOW HITPOINT WARNING * * *
The yaktaur shoots a bolt.
The bolt hits you!!
* * * LOW HITPOINT WARNING * * *
The bolt burns you.
* * * LOW HITPOINT WARNING * * *
The centaur shoots an arrow.
The arrow hits you but does no damage.
The yaktaur shoots a bolt.
The bolt hits you but does no damage.
There is an open door here.
Things that are here:
2 bolts; 2 arrows The yaktaur shoots a bolt.
The bolt hits you.
You die...

* ≈ ≈ * ≈ #######≈§≈ ≈#
* ≈###)[!)!###≈§≈≈ *
§##.#.$.!.#.##≈
##§≈≈#..'.$.$.'c.#≈ ≈
#§§§##..'.._..'..## ≈ *
≈≈≈≈#...#.....#.c.#≈≈≈≈
§≈§§#...#######...#≈§§
≈§≈≈≈#..☼')!.(@(...#§≈≈
≈≈§§#...#.)≈..#...#§≈≈
≈≈#.).#8≈≈≈8#...#≈§≈ ≈
#..'(c≈..'..## ≈≈≈ ≈
#..'.c...'c.#≈ **
§##.#8(..8#.##≈ ≈ *
*≈≈§§###..(..###≈§≈≈ *
§§§≈§..(..≈§≈≈≈*
≈≈≈≈≈8..§8§≈§≈#


You could see 2 yaktaurs and a centaur.

Vanquished Creatures
  Erolcha (D:9)
  A centaur warrior (Volcano)
  A two-headed ogre (D:10)
  A hell knight (Volcano)
  Nergalle (Lair:1)
  Pikel (D:7)
  2 ugly things (D:11)
  2 cyclopes (D:11)
  2 manticores (D:11)
  A centaur zombie (D:12)
  A black mamba (Lair:1)
  A gargoyle (D:12)
  Maurice (D:10)
  Psyche (D:9)
  A spiny frog (Lair:2)
  3 komodo dragons
  A yaktaur (Volcano)
  3 trolls (D:12)
  A hornet (D:11)
  Prince Ribbit (D:7)
  3 blink frogs (Lair:1)
  2 hippogriffs
  5 slime creatures
  A centaur simulacrum (D:10)
  2 wraiths
  A wyvern (D:12)
  9 yaks
  A basilisk (D:12)
  A hungry ghost (D:9)
  2 soldier ants (D:11)
  4 wargs (D:12)
  Duvessa (D:7)
  3 water moccasins
  5 porcupines
  An acid dragon (D:11)
  11 orc warriors
  2 sky beasts
  3 ice beasts
  3 black bears
  3 ogres
  5 phantoms
  An eye of draining (D:12)
  A necrophage (D:9)
  5 crocodiles
  6 centaurs
  2 big kobolds
  11 bullfrogs
  Dowan (D:7)
  2 scorpions
  5 wights (D:7)
  8 killer bees
  4 howler monkeys
  A crimson imp (D:8)
  7 hounds
  3 quasits
  8 orc priests
  2 centaur skeletons (D:11)
  9 jellies
  3 bullfrog skeletons
  13 orc wizards
  5 iguanas
  10 worker ants
  A hound skeleton (D:9)
  8 gnolls
  14 adders
  A shadow imp (D:5)
  13 oozes
  An adder zombie (D:6)
  An adder skeleton (D:4)
  4 worms
  3 dart slugs
  7 leopard geckos
  53 orcs
  9 bats
  12 giant cockroaches
  4 hobgoblins
  9 jackals
  14 kobolds
  3 quokkas
  A ball python (D:3)
  5 frilled lizards
  3 goblins
  A leopard gecko skeleton (D:5)
  3 leopard gecko zombies
  4 rats
376 creatures vanquished.

Vanquished Creatures (others)
  A cyclops (D:12)
  A hornet (D:11)
  A slime creature (D:12)
  An orc warrior (D:12)
  An ice beast (D:12)
  An ogre (D:12)
  2 slaves (D:7)
  2 orc wizards (D:12)
  3 orcs
  5 fungi (Lair:1)
18 creatures vanquished.

Grand Total: 394 creatures vanquished

Notes
Turn   | Place    | Note
-------+----------+-------------------------------------------
     0 | D:1      | Borgoz the Gargoyle Gladiator began the quest for the Orb.
     0 | D:1      | Reached XP level 1. HP: 12/12 MP: 1/1
   191 | D:1      | Reached XP level 2. HP: 16/18 MP: 2/2
   498 | D:2      | Reached skill level 3 in Short Blades
   502 | D:2      | Reached skill level 1 in Armour
   502 | D:2      | Reached XP level 3. HP: 19/22 MP: 3/3
   759 | D:2      | Reached XP level 4. HP: 26/27 MP: 4/4
  1113 | D:2      | Reached XP level 5. HP: 25/32 MP: 5/5
  2305 | D:4      | Reached skill level 4 in Short Blades
  2327 | D:4      | Found a snail-covered altar of Cheibriados.
  2329 | D:4      | Reached XP level 6. HP: 37/37 MP: 6/6
  2916 | D:5      | Entered Level 5 of the Dungeon
  3043 | D:5      | Reached XP level 7. HP: 40/42 MP: 7/7
  3170 | D:5      | Reached skill level 5 in Short Blades
  3801 | D:5      | Found a hide-covered altar of Uskayaw.
  3801 | D:5      | Found a blossoming altar of Fedhas.
  3807 | D:5      | Found a sacrificial altar of Ru.
  3810 | D:5      | Found an ornate altar of the Wu Jian Council.
  3813 | D:5      | Found a shimmering altar of Xom.
  3871 | D:5      | Found a staircase to the Ecumenical Temple.
  3901 | Temple   | Entered the Ecumenical Temple
  3967 | Temple   | Became a worshipper of Ashenzari the Shackled
  4515 | D:6      | Reached XP level 8. HP: 48/48 MP: 8/8
  4538 | D:6      | Reached skill level 5 in Dodging
  4747 | D:6      | Reached skill level 6 in Short Blades
  5045 | D:6      | Reached skill level 5 in Fighting
  5058 | D:6      | Found a blossoming altar of Fedhas.
  5210 | D:7      | Noticed Dowan
  5240 | D:7      | Noticed Duvessa
  5253 | D:7      | Noticed Pikel
  5267 | D:7      | Killed Pikel
  5267 | D:7      | Reached skill level 5 in Armour
  5267 | D:7      | Reached XP level 9. HP: 30/54 MP: 7/9
  5269 | D:7      | Killed Duvessa
  5269 | D:7      | Reached skill level 7 in Short Blades
  5272 | D:7      | Killed Dowan
  5448 | D:7      | Learned a level 1 spell: Confusing Touch
  5452 | D:7      | Learned a level 3 spell: Confuse
  5507 | D:7      | Reached skill level 1 in Stealth
  5512 | D:7      | Reached skill level 1 in Spellcasting
  5512 | D:7      | Reached skill level 1 in Hexes
  5517 | D:7      | Noticed Prince Ribbit
  5562 | D:7      | Killed Prince Ribbit
  5699 | D:7      | Reached XP level 10. HP: 21/60 MP: 5/13
  5702 | D:7      | Found a stormy altar of Qazlal.
  7097 | D:9      | Reached * piety under Ashenzari
  7121 | D:9      | Noticed Psyche
  7134 | D:9      | Killed Psyche
  7134 | D:9      | Reached skill level 8 in Short Blades
  7302 | D:9      | Found a glowing golden altar of the Shining One.
  7345 | D:9      | Found a shimmering altar of Xom.
  7347 | D:9      | Found a shimmering altar of Xom.
  7347 | D:9      | Found a shimmering altar of Xom.
  7349 | D:9      | Found a shimmering altar of Xom.
  7351 | D:9      | Found a shimmering altar of Xom.
  7351 | D:9      | Found a shimmering altar of Xom.
  7363 | D:9      | Found a shimmering altar of Xom.
  7425 | D:9      | Found a bloodstained altar of Trog.
  7574 | D:9      | Noticed Erolcha
  7602 | D:9      | Killed Erolcha
  7602 | D:9      | Reached XP level 11. HP: 43/67 MP: 11/16
  7872 | D:10     | Entered Level 10 of the Dungeon
  7923 | D:10     | Found Cuschiar's Weapon Shop.
  7931 | D:10     | Noticed Maurice
  7940 | D:10     | Reached skill level 5 in Stealth
  7947 | D:10     | Killed Maurice
  8023 | D:10     | Found Tytyotan's Gadget Boutique.
  8077 | D:10     | Noticed a two-headed ogre
  8102 | D:10     | Killed a two-headed ogre
  8463 | D:11     | Noticed a manticore
  8482 | D:11     | Killed a manticore
  8482 | D:11     | Reached skill level 9 in Short Blades
  8499 | D:11     | Noticed a white ugly thing
  8531 | D:11     | Killed a red ugly thing
  8692 | D:11     | Noticed a manticore
  8720 | D:11     | Killed a manticore
  9027 | D:11     | Noticed a cyclops
  9042 | D:11     | Killed a cyclops
  9216 | D:11     | Noticed a brown ugly thing
  9236 | D:11     | Killed a brown ugly thing
  9380 | D:11     | Found a staircase to the Lair.
  9652 | D:11     | Reached XP level 12. HP: 68/73 MP: 15/19
  9715 | D:11     | Found Zedd's General Store.
 10055 | D:11     | Reached skill level 1 in Evocations
 10059 | D:11     | Reached ** piety under Ashenzari
 10446 | D:12     | Reached skill level 5 in Spellcasting
 10458 | D:12     | Reached skill level 5 in Hexes
 10545 | D:12     | Reached skill level 10 in Short Blades
 10887 | D:12     | Found a staircase to the Orcish Mines.
 11107 | Lair:1   | Entered Level 1 of the Lair of Beasts
 11129 | Lair:1   | Noticed Nergalle
 11149 | Lair:1   | Killed Nergalle
 11935 | Lair:2   | Found a dark tunnel.
 11949 | Volcano  | Entered a volcano
 11973 | Volcano  | Noticed a centaur warrior
 11976 | Volcano  | Found a burning altar of Makhleb.
 11978 | Volcano  | Noticed a hell knight
 11992 | Volcano  | Killed a centaur warrior
 12029 | Volcano  | Killed a hell knight
 12029 | Volcano  | Reached XP level 13. HP: 33/80 MP: 12/20
 12034 | Volcano  | HP: 3/80 [yaktaur/bolt (2)]
 12035 | Volcano  | Shot with a bolt by a yaktaur

Skill      XL: |  1  2  3  4  5  6  7  8  9 10 11 12 |
---------------+-------------------------------------+-----
Short Blades   | 3 4 5 6 7 8 9 10 | 10.5
Armour         | 1 2 3 5 6 7 8 |  8.7
Dodging        | 3 4 6 7 8 |  8.4
Fighting       | 3 4 5 6 7 8 9 |  9.0
Stealth        | 2 4 6 7 |  7.5
Spellcasting   | 2 3 4 5 |  5.0
Hexes          | 1 3 4 5 |  5.7
Evocations     | 3 |  3.0
Throwing       | |  1.7

Action                   |  1- 3 |  4- 6 |  7- 9 | 10-12 | 13-15 || total
-------------------------+-------+-------+-------+-------+-------++-------
Melee: Rapier            |    75 |   196 |       |       |       ||   271
       Short sword       |       |    74 |   435 |  1171 |       ||  1680
Throw: Throwing net      |       |       |     1 |     6 |       ||     7
 Cast: Confusing Touch   |       |       |       |    23 |       ||    23
Evoke: Wand              |       |       |       |     5 |       ||     5
  Use: Scroll            |       |     6 |     5 |    13 |       ||    24
       Potion            |       |       |     2 |     9 |       ||    11
 Stab: Invisible         |       |       |     7 |       |       ||     7
       Confused          |       |       |       |    19 |       ||    19
       Held in net/web   |       |       |       |     2 |       ||     2
  Eat: Chunk             |       |     7 |     9 |    25 |       ||    41
       Ration            |       |       |       |     2 |       ||     2
Armor: Leather armour    |    10 |       |       |       |       ||    10
       Plate armour      |    44 |   195 |   331 |   694 |     4 ||  1268
Dodge: Dodged            |    29 |    77 |   149 |   453 |     1 ||   709
